 Dungeon Crawl Stone Soup version 0.21-a0-88-g13b9641 (webtiles) character file.

58 sagitran the Skirmisher (level 4, -2/40 HPs)
             Began as a Gnoll Wanderer on June 27, 2017.
             Slain by Sigmund
             ... wielding a +0 scythe
              (11 damage)
             ... on level 2 of the Dungeon.
             The game lasted 00:09:43 (1455 turns).

sagitran the Skirmisher (Gnoll Wanderer)            Turns: 1455, Time: 00:09:44

Health: -2/40      AC:  5    Str: 14    XL:     4   Next: 2%
Magic:  4/4        EV: 17    Int:  9    God:
Gold:   128        SH:  0    Dex: 19    Spells: 3/3 levels left

rFire    . . .     SeeInvis .   a - +2 spear
rCold    . . .     Gourm    .   (no shield)
rNeg     . . .     Faith    .   i - +0 leather armour
rPois    .         Spirit   .   s - +0 helmet
rElec    .         Reflect  .   (no cloak)
rCorr    .         Harm     .   (no gloves)
MR       .....                  (no boots)
Stlth    +++.......             (no amulet)
HPRegen  0.13/turn              (no ring)
MPRegen  0.09/turn              (no ring)

@: agile
A: short attention span, fangs 1, strong nose
a: no special abilities


You were on level 2 of the Dungeon.
You were not hungry.

You visited 1 branch of the dungeon, and saw 2 of its levels.

You collected 128 gold pieces.

Inventory:

Hand Weapons
 a - a +2 spear (weapon)
 b - a +0 quarterstaff
Missiles
 n - 36 stones (quivered)
Armour
 i - a +0 leather armour (worn)
 s - a +0 helmet (worn)
Scrolls
 h - a scroll of recharging
Potions
 d - a potion of mutation
 e - a potion of resistance
Comestibles
 k - a meat ration
 l - 3 fruits
 r - a bread ration


   Skills:
 + Level 6.1 Fighting
 + Level 1.9 Polearms
 + Level 2.1 Throwing
 + Level 5.8 Armour
 + Level 2.1 Dodging
 + Level 1.5 Stealth
   Level 1.7 Shields


You had 3 spell levels left.
You didn't know any spells.

Dungeon Overview and Level Annotations

Branches:
Dungeon (2/15)

Altars:

Annotations:
D:2 Sigmund


Innate Abilities, Weirdness & Mutations

You have a short attention span.
You have very sharp teeth.
Your uncanny sense of smell can sniff out nearby items.


Message History

Sigmund is heavily wounded.
Sigmund casts a spell at you. The puff of flame hits you!
* * * LOW HITPOINT WARNING * * *
You hit Sigmund.
Sigmund is heavily wounded.
Sigmund barely misses you.
You hit Sigmund but do no damage.
Sigmund is heavily wounded.
Sigmund completely misses you.
You hit Sigmund.
Sigmund is heavily wounded.
You feel agile all of a sudden. Sigmund hits you with a scythe.
* * * LOW HITPOINT WARNING * * *
A bat comes into view.
You hit Sigmund.
Sigmund is severely wounded.
Sigmund hits you with a scythe!
You die...

,,,,,,....#...++...+,,........#..
,,,,,,...,#...##...#**##.........
,,,,,,..,,#........# #........#
,,,,,*#***#........# #.#......+
**,,,,,* #..b.....#####.#......#
*,,,,,* #....######............
***,,,* #......................
*,,,*#####..@.................
*****#.......@..............##
*******#.........<..).........##
*,,,,,*#......................##
*,,..........####.........##....
*,,..........##...........##....
***..........##...........##....
*.###########...........######
*,* #######..#### *,* ####


You could see Sigmund and a bat.

Vanquished Creatures
  2 adders (D:2)
  An ooze (D:1)
  A worm (D:2)
  A leopard gecko (D:1)
  A ball python (D:2)
  2 bats (D:1)
  2 giant cockroaches
  7 goblins
  4 hobgoblins (D:1)
  4 kobolds
  2 frilled lizards
  3 rats (D:2)
30 creatures vanquished.

Notes
Turn   | Place    | Note
-------+----------+-------------------------------------------
     0 | D:1      | sagitran the Gnoll Wanderer began the quest for the Orb.
     0 | D:1      | sagitran set off with: a +2 spear, a +0 quarterstaff, a potion of curing, a +0 robe, a bread ration
     0 | D:1      | Reached XP level 1. HP: 20/20 MP: 1/1
   114 | D:1      | Reached skill level 5 in Armour
   168 | D:1      | Reached skill level 5 in Fighting
   258 | D:1      | Reached XP level 2. HP: 18/27 MP: 2/2
   989 | D:1      | Reached XP level 3. HP: 34/34 MP: 3/3
  1212 | D:2      | Reached skill level 6 in Fighting
  1330 | D:2      | Reached skill level 1 in Polearms
  1372 | D:2      | Noticed Sigmund
  1422 | D:2      | Reached XP level 4. HP: 11/40 MP: 4/4
  1455 | D:2      | Slain by Sigmund

Vault maps used:
D:1:      lightli_arrival_statue_moat
D:2:      chequers_ecumenical_altar_twisty, first_bread,
          uniq_crazy_yiuf_cottage, uniq_sigmund

Skill      XL: |  1  2  3 |
---------------+----------+-----
Armour         | 5 |  5.8
Fighting       | 5 6 |  6.1
Polearms       | 1 |  1.9
Throwing       | 2 |  2.1
Dodging        | 2 |  2.1
Stealth        | |  1.5
Shields        | |  1.7

Action                   |  1- 3 |  4- 6 || total
-------------------------+-------+-------++-------
Melee: Spear             |   111 |     6 ||   117
       Bite              |     5 |       ||     5
       Glaive            |     2 |       ||     2
Throw: Stone             |    12 |       ||    12
  Use: Potion            |     5 |     2 ||     7
       Scroll            |     2 |     4 ||     6
 Stab: Sleeping          |     3 |       ||     3
  Eat: Bread ration      |     1 |       ||     1
Armor: Robe              |     3 |       ||     3
       Leather armour    |    15 |       ||    15
Dodge: Dodged            |    69 |     3 ||    72
